Map: Ephemeron LE

Players

Denver

  • Race: Zerg Zerg
  • Spawn Location: 5:00

souL - Winner!

  • Race: Terran Terran
  • Spawn Location: 11:00

Event: IEM Katowice 2020

VOD

Have the link to the VOD?

Description

Time

  • Played on: Feb. 24, 2020, 4:40 a.m.
  • Length: 23:48

All games in this series

Show
View Real Time Build Order
Export as new Build Order

Denver Zerg 

Build Orders: Hatch First, Muta Ling Bane 

Get SALT Encoding   

  12  0:00  Drone  
  13  0:12  Overlord  
  13  0:16  Drone  
  14  0:31  Drone x2  
  16  0:47  Hatchery  
  15  0:51  Drone  
  15  0:54  Drone  
  17  0:58  Drone  
  18  1:08  Extractor  
  17  1:13  Spawning Pool  
  17  1:17  Drone  
  17  1:20  Drone  
  18  1:28  Drone  
  19  1:38  Drone  
  20  1:49  Drone  
  21  2:00  Queen x2  
  21  2:01  Zergling x4  
  27  2:08  Metabolic Boost  
  27  2:10  Overlord  
  27  2:14  Drone  
  28  2:31  Drone x2  
  28  2:33  Spore Crawler  
  28  2:35  Drone  
  28  2:36  Queen  
  32  2:38  Drone  
  34  2:49  Overlord  
  34  2:57  Zergling x4  
  36  2:59  Pneumatized Carapace  
  36  3:03  Overlord  
  36  3:10  Zergling x2  
  36  3:11  Drone x2  
  39  3:18  Drone x3  
  42  3:23  Drone  
  42  3:33  Drone x2  
  42  3:35  Queen  
  44  3:41  Drone x3  
  44  3:42  Drone  
  44  3:47  Overlord  
  47  3:49  Drone  
  47  3:50  Drone x2  
  47  3:54  Hatchery  
  49  4:06  Overlord, Queen  
  51  4:10  Zergling x2  
  51  4:11  Zergling x4  
  51  4:14  Queen  
  56  4:20  Drone x2  
  58  4:24  Spore Crawler  
  58  4:29  Roach Warren  
  56  4:32  Zergling x8  
  56  4:34  Overlord, Drone x2  
  56  4:36  Drone  
  63  4:42  Lair  
  63  4:47  Drone x2  
  63  4:52  Spore Crawler  
  64  4:54  Drone x4  
  64  4:57  Drone  
  64  4:59  Overlord  
  69  5:02  Drone x2  
  71  5:07  Drone  
  72  5:15  Drone x3  
  72  5:17  Queen  
  72  5:18  Extractor  
  72  5:20  Extractor  
  72  5:21  Spore Crawler  
  74  5:25  Roach x3  
  74  5:26  Drone x3  
  83  5:29  Overlord x2  
  83  5:31  Overlord  
  83  5:42  Drone  
  82  5:45  Overlord  
  82  5:48  Overlord  
  82  5:51  Drone  
  82  5:52  Drone x6  
  82  5:56  Overlord  
  88  5:58  Drone x3  
  88  5:59  Drone x3  
  92  6:06  Baneling Nest  
  92  6:07  Drone x3, Extractor  
  93  6:13  Drone  
  93  6:14  Drone  
  93  6:16  Evolution Chamber  
  93  6:17  Evolution Chamber  
  93  6:18  Extractor  
  90  6:26  Drone x5  
  95  6:32  Drone  
  95  6:33  Drone x2  
  95  6:35  Hatchery  
  95  6:36  Spore Crawler  
  95  6:38  Zergling x10  
  95  6:39  Overseer  
  100  6:41  Hatchery  
  100  6:44  Zerg Melee Weapons Level 1, Zerg Ground Armor Level 1  
  100  6:46  Zergling x4  
  101  6:51  Zergling x6  
  96  6:56  Zergling x6  
  97  7:03  Drone  
  91  7:11  Drone x9  
  96  7:18  Centrifical Hooks  
  96  7:20  Drone x2  
  98  7:26  Drone x3  
  98  7:27  Drone x2  
  98  7:29  Zergling x4  
  105  7:34  Zergling x8  
  109  7:42  Zergling x6  
  110  7:45  Extractor  
  110  7:46  Zergling x2  
  110  7:47  Spire  
  110  7:49  Baneling x4  
  108  7:54  Zergling x10  
  109  7:58  Zergling x2  
  109  7:59  Zergling x4  
  109  8:00  Queen  
  109  8:04  Zergling x2  
  109  8:05  Zergling x2  
  103  8:13  Spore Crawler, Drone x3  
  103  8:14  Extractor  
  103  8:15  Zergling x14  
  103  8:16  Extractor  
  110  8:26  Drone  
  110  8:27  Drone x2  
  113  8:32  Zergling x6, Hatchery  
  115  8:36  Zergling x2  
  115  8:39  Zerg Ground Armor Level 2, Zerg Melee Weapons Level 2  
  115  8:42  Drone  
  115  8:43  Drone x3  
  119  8:50  Drone x5  
  124  8:58  Mutalisk x2  
  124  9:01  Overlord x2  
  128  9:04  Overlord  
  128  9:11  Baneling  
  128  9:12  Baneling x7  
  128  9:15  Overlord  
  128  9:18  Mutalisk x2  
  128  9:19  Mutalisk x2  
  128  9:24  Mutalisk  
  135  9:28  Drone x4  
  137  9:37  Mutalisk x2  
  137  9:41  Drone x5  
  141  9:46  Drone  
  141  9:47  Drone  
  141  9:52  Zergling x2  
  142  9:53  Zergling x12  
  142  9:55  Overlord  
  142  9:59  Overlord  
  148  10:02  Overlord  
  148  10:05  Overlord  
  148  10:06  Zerg Flyer Weapons Level 1, Mutalisk x2  
  152  10:13  Baneling x7  
  147  10:20  Zergling x8, Extractor  
  149  10:26  Infestation Pit  
  148  10:28  Hatchery, Zergling x2  
  148  10:29  Zergling x14  
  148  10:32  Mutalisk x2  
  157  10:40  Zergling x16  
  165  10:46  Mutalisk x3  
  171  10:51  Burrow  
  171  10:52  Zergling x10  
  176  10:59  Zergling x6  
  176  11:00  Zergling x8  
  176  11:03  Overlord x2  
  183  11:11  Baneling  
  183  11:12  Baneling x8  
  183  11:16  Overlord  
  183  11:18  Baneling x11  
  183  11:22  Zergling x14  
  188  11:32  Zergling x20  
  194  11:42  Overseer  
  194  11:43  Overseer x2  
  194  11:46  Zergling x14  
  196  12:02  Mutalisk  
  196  12:03  Mutalisk  
  183  12:08  Mutalisk x6  
  183  12:11  Zergling x14  
  199  12:19  Zergling x2  
  199  12:22  Hive  
  199  12:24  Overseer  
  199  12:31  Baneling  
  199  12:32  Baneling x11  
  199  12:37  Baneling  
  199  12:38  Baneling x4  
  199  13:05  Zergling x36  
  188  13:06  Zergling x2  
  188  13:12  Baneling x6  
  198  13:13  Baneling x4  
  198  13:19  Overseer  
  198  13:20  Zergling x2  
  198  13:24  Hatchery, Zerg Flyer Weapons Level 2  
  184  13:41  Zergling x2  
  184  13:42  Zergling x28  
  184  13:47  Mutalisk x8  
  198  13:52  Extractor  
  198  13:54  Zergling x8  
  199  14:06  Zerg Ground Armor Level 3  
  199  14:11  Zerg Melee Weapons Level 3  
  199  14:34  Ultralisk Cavern  
  178  14:49  Zergling x26  
  166  14:54  Zergling x38  
  166  14:57  Mutalisk x4  
  162  15:02  Mutalisk x3  
  161  15:11  Zergling x20  
  162  15:17  Zergling x10  
  162  15:20  Overseer  
  157  15:21  Mutalisk x2  
  157  15:26  Chitinous Plating  
  157  15:27  Zergling x2  
  157  15:28  Zergling x4  
  159  15:32  Drone  
  156  15:37  Drone x6  
  161  15:45  Baneling x8  
  161  15:46  Drone x4  
  164  15:53  Drone x3  
  164  15:54  Drone x3  
  170  15:59  Drone x5  
  170  16:00  Drone  
  176  16:10  Zergling x14, Baneling  
  176  16:11  Baneling  
  176  16:12  Baneling x2  
  174  16:43  Ultralisk x4  
  198  16:51  Anabolic Synthesis  
  198  17:03  Spore Crawler x2  
  196  17:15  Corruptor x2  
  190  17:38  Baneling x5  
  187  17:47  Corruptor x6  
  196  17:56  Overlord  
  188  17:59  Extractor  
  188  18:00  Extractor  
  186  18:10  Baneling x15  
  186  18:11  Drone  
  187  18:14  Extractor  
  187  18:15  Extractor  
  183  18:28  Hatchery  
  174  18:38  Corruptor x13  
  138  18:49  Zergling x8  
  138  18:53  Ultralisk  
  138  18:54  Zergling x36  
  138  18:55  Zergling x18  
  154  19:04  Corruptor x2  
  154  19:05  Queen  
  160  19:10  Drone x5  
  160  19:11  Drone  
  160  19:16  Drone x4  
  170  19:17  Drone  
  170  19:18  Overseer  
  171  19:29  Ultralisk  
  177  19:47  Ultralisk x2  
  184  19:56  Drone  
  184  19:57  Drone x4  
  184  19:58  Drone  
  188  20:02  Spore Crawler  
  187  20:11  Zergling x24  
  187  20:13  Baneling x3  
  187  20:14  Baneling x2  
  199  20:15  Baneling  
  199  20:24  Zerg Flyer Weapons Level 3  
  199  20:50  Overseer  
  197  21:02  Baneling x15  
  195  21:29  Extractor  
  195  21:30  Extractor  
  189  21:53  Zergling x10  
  189  21:54  Zergling x18, Ultralisk  
  167  22:05  Drone x3  
  167  22:06  Drone x3  
  171  22:11  Overlord x3  
  171  22:14  Zergling x2  
  171  22:15  Zergling x14, Ultralisk  
  187  22:16  Overlord  
  172  22:40  Ultralisk  
  172  22:41  Ultralisk x3  
  172  22:43  Baneling x16  
  187  22:53  Zergling x28  
  170  23:26  Drone x2  
Show
View Real Time Build Order
Export as new Build Order

souL Terran - Winner!

Build Orders: Reaper Expand 

Get SALT Encoding   

  12  0:00  SCV  
  13  0:12  SCV  
  14  0:17  Supply Depot  
  14  0:25  SCV  
  15  0:38  SCV  
  15  0:39  Barracks  
  16  0:45  Refinery  
  16  0:50  SCV  
  17  1:02  SCV  
  18  1:15  SCV  
  19  1:27  Reaper, Orbital Command  
  20  1:41  Command Center  
  20  1:49  Supply Depot  
  20  1:52  SCV  
  21  1:59  Marine  
  22  2:05  SCV  
  23  2:09  Factory  
  23  2:15  Refinery  
  23  2:17  SCV  
  23  2:21  Barracks Reactor  
  24  2:27  Bunker  
  24  2:31  SCV  
  25  2:46  SCV  
  26  2:54  Starport  
  26  2:55  Orbital Command  
  26  3:03  SCV  
  26  3:04  Hellion x2  
  31  3:09  Marine  
  32  3:19  SCV  
  33  3:22  SCV  
  34  3:33  SCV, Fusion Core  
  34  3:34  SCV  
  34  3:36  Hellion  
  34  3:37  Barracks Tech Lab  
  37  3:45  Hellion  
  37  3:46  SCV x2  
  37  3:48  Starport Tech Lab  
  39  3:55  Supply Depot  
  39  3:58  SCV x2  
  41  4:03  Marine  
  41  4:08  Barracks  
  42  4:10  SCV  
  42  4:11  SCV  
  44  4:23  Battlecruiser  
  50  4:26  SCV x2, Supply Depot  
  50  4:29  Marine  
  53  4:38  SCV  
  53  4:41  Stimpack  
  53  4:43  Supply Depot  
  54  4:47  SCV  
  54  4:50  SCV  
  56  4:55  Command Center  
  56  4:56  Marine  
  56  4:57  Factory Reactor, Marine  
  56  4:59  SCV  
  59  5:02  SCV, Marine  
  61  5:08  Supply Depot  
  61  5:11  SCV  
  61  5:14  Supply Depot, Marine x2  
  62  5:15  SCV  
  62  5:20  Refinery, Marine  
  66  5:21  Refinery  
  66  5:24  SCV  
  66  5:27  SCV  
  68  5:32  Marine x2  
  68  5:34  Engineering Bay x2  
  70  5:40  Medivac  
  70  5:41  Medivac  
  74  5:43  SCV  
  74  5:45  SCV  
  74  5:47  Marine  
  77  5:50  Siege Tank  
  77  5:51  Supply Depot  
  77  5:55  SCV  
  80  5:57  Marine  
  80  5:59  SCV, Marine  
  83  6:05  Marine  
  83  6:07  Supply Depot  
  83  6:08  SCV, Orbital Command  
  85  6:14  Marine  
  85  6:15  SCV  
  85  6:17  Marine  
  88  6:23  SCV, Marine  
  90  6:27  SCV  
  90  6:28  Siege Tank  
  90  6:29  Combat Shield  
  90  6:32  Medivac x2, Marine  
  98  6:36  SCV  
  98  6:39  SCV, Marine  
  102  6:40  Orbital Command  
  102  6:41  Marine  
  102  6:44  Barracks  
  103  6:48  SCV  
  103  6:51  SCV  
  105  6:55  Marine  
  105  7:00  SCV  
  105  7:03  SCV  
  105  7:04  Marine  
  105  7:06  SCV, Medivac  
  105  7:07  Marine  
  106  7:12  SCV, Siege Tank  
  106  7:13  Marine  
  103  7:15  SCV  
  103  7:18  SCV  
  103  7:22  Terran Infantry Weapons Level 1, Marine, Terran Infantry Armor Level 1  
  106  7:24  SCV, Orbital Command, Marine  
  106  7:26  Supply Depot  
  106  7:27  Supply Depot  
  106  7:28  SCV  
  106  7:29  Barracks  
  109  7:30  Marine  
  109  7:32  Marine  
  109  7:36  SCV  
  108  7:40  SCV, Marine  
  108  7:42  Marine  
  110  7:48  Marine  
  110  7:49  SCV, Marine  
  110  7:50  SCV  
  114  7:52  SCV  
  114  7:57  Marine  
  116  8:00  Marine  
  117  8:06  SCV x3  
  117  8:07  Marine  
  117  8:10  Medivac  
  117  8:16  Supply Depot x2, Command Center  
  117  8:17  Marine  
  117  8:18  Barracks Reactor, Barracks  
  117  8:20  Armory  
  117  8:24  Barracks Reactor  
  117  8:32  Refinery  
  117  8:33  Refinery  
  117  8:35  Factory  
  117  8:37  SCV x2, Marine x3, Siege Tank  
  117  8:38  SCV, Sensor Tower  
  126  8:49  SCV x2  
  126  8:51  SCV  
  126  8:55  Supply Depot x2, Marine x3  
  128  8:59  Marine  
  128  9:01  SCV x2, Marine  
  132  9:09  Barracks Reactor, Drilling Claws  
  132  9:10  SCV  
  132  9:17  Marine x6  
  133  9:19  Supply Depot, Marine  
  133  9:21  Supply Depot  
  133  9:23  Medivac  
  138  9:31  Thor  
  138  9:32  Factory Reactor  
  138  9:34  SCV, Marine x5  
  138  9:35  Marine  
  138  9:36  Missile Turret  
  150  9:39  Medivac, Terran Vehicle And Ship Armor Level 1  
  150  9:42  SCV, Barracks x3  
  153  9:45  Terran Infantry Weapons Level 2  
  153  9:46  Missile Turret  
  153  9:48  Missile Turret x2  
  145  9:54  Medivac  
  145  9:57  Missile Turret x2  
  145  9:58  SCV  
  148  10:00  Missile Turret  
  148  10:03  Planetary Fortress  
  148  10:04  Sensor Tower  
  148  10:10  Terran Infantry Armor Level 2, Sensor Tower  
  148  10:12  Widow Mine x2  
  152  10:16  Widow Mine  
  154  10:23  Marine  
  154  10:24  Marauder  
  157  10:29  Command Center  
  157  10:33  Widow Mine  
  157  10:34  Widow Mine  
  161  10:37  Factory, Widow Mine  
  161  10:42  Supply Depot x2  
  163  10:44  Missile Turret  
  163  10:45  Marauder  
  165  10:52  Barracks Tech Lab x3  
  165  10:54  Widow Mine  
  166  10:57  Command Center  
  166  11:03  Widow Mine x2  
  170  11:07  Marauder  
  172  11:13  Marauder, Marine  
  172  11:14  Command Center  
  172  11:16  Widow Mine  
  172  11:17  Medivac  
  179  11:23  Marine  
  179  11:24  Marauder  
  179  11:25  Marauder, Marine  
  179  11:28  Marauder, Marine  
  179  11:30  Factory Reactor, Marine  
  181  11:35  Marauder  
  181  11:36  Medivac  
  181  11:37  Marine  
  186  11:40  Fusion Core, Starport  
  186  11:41  Starport  
  186  11:45  Marauder, Marine  
  186  11:46  Marauder  
  191  11:49  Marauder  
  191  11:50  Marine  
  191  11:51  Marine  
  191  11:52  Marine x4  
  199  11:55  Marine  
  199  11:57  Marauder  
  198  12:02  Widow Mine  
  198  12:06  Marine x2  
  198  12:07  Marine  
  198  12:08  Marine  
  190  12:09  Marine  
  190  12:10  Marine  
  190  12:11  Marauder, Marine x3  
  190  12:12  Marine  
  190  12:14  Widow Mine  
  196  12:15  Medivac  
  196  12:18  Marauder  
  196  12:20  Starport Reactor  
  196  12:22  Starport Reactor  
  200  12:26  Marine  
  197  12:37  Terran Infantry Weapons Level 3, Terran Infantry Armor Level 3  
  197  12:40  Command Center  
  197  12:47  Widow Mine  
  197  12:52  Orbital Command  
  197  12:53  Planetary Fortress  
  197  12:55  Sensor Tower  
  197  12:57  Widow Mine  
  174  13:06  SCV x3  
  174  13:08  Missile Turret  
  174  13:09  Missile Turret  
  174  13:10  Widow Mine  
  179  13:17  Liberator x3  
  179  13:18  Widow Mine  
  189  13:20  Liberator  
  192  13:28  Command Center  
  192  13:31  Refinery x2  
  192  13:32  Refinery  
  192  13:33  Refinery, Widow Mine  
  194  13:34  Marine  
  194  13:35  Marauder  
  194  13:49  Liberator x2  
  194  13:53  Missile Turret  
  194  13:54  Missile Turret  
  118  13:55  Orbital Command, Sensor Tower  
  194  14:00  Liberator  
  196  14:08  Terran Ship Weapons Level 1  
  196  14:12  Planetary Fortress  
  196  14:15  Command Center  
  196  14:20  Liberator  
  179  14:47  Liberator  
  179  14:51  Marine, Liberator  
  179  14:52  Marauder  
  166  14:54  Marine x5  
  166  14:55  Marauder, Marine x3  
  166  14:57  Liberator  
  163  15:02  Marine, Liberator x2  
  166  15:11  Widow Mine x2  
  166  15:12  Marine x8  
  166  15:13  SCV x5, Marine  
  168  15:16  Marauder  
  168  15:19  Widow Mine x2  
  168  15:20  Marine  
  167  15:30  Marine x5  
  167  15:31  SCV x2, Marauder x3  
  167  15:32  SCV x2, Widow Mine  
  181  15:38  SCV  
  181  15:42  Liberator  
  182  15:48  SCV x5  
  189  15:50  SCV  
  189  15:54  Orbital Command  
  189  15:55  SCV  
  188  15:57  Marine  
  188  16:00  SCV  
  189  16:08  SCV  
  189  16:10  Neosteel Armor  
  190  16:16  Command Center, Ghost Academy x2  
  190  16:17  SCV  
  191  16:21  Widow Mine  
  193  16:25  Factory Reactor  
  193  16:27  Command Center  
  193  16:29  Marine  
  193  16:32  SCV x6  
  199  16:42  Sensor Tower  
  199  16:46  Personal Cloaking  
  199  16:47  Nuke  
  199  16:52  Supply Depot  
  199  16:55  Command Center  
  199  17:03  Terran Ship Weapons Level 2  
  194  17:08  Missile Turret  
  194  17:10  Missile Turret  
  194  17:22  Command Center  
  193  17:25  Widow Mine x3  
  193  17:29  Orbital Command  
  199  17:31  Command Center  
  197  17:41  Ghost  
  197  17:48  Ghost  
  198  17:52  Ghost  
  198  17:54  Barracks Tech Lab  
  197  18:07  Refinery  
  197  18:09  Missile Turret  
  197  18:10  Refinery  
  197  18:11  Missile Turret  
  197  18:12  Nuke, Sensor Tower  
  197  18:13  Command Center  
  197  18:14  Ghost, Command Center  
  189  18:20  Ghost x3  
  189  18:24  Ghost  
  190  18:39  Widow Mine  
  174  18:43  Ghost  
  157  18:48  Ghost x3  
  157  18:49  Marine x5  
  157  18:50  Marine  
  157  18:53  Marauder  
  159  18:58  Planetary Fortress, Refinery  
  159  18:59  Refinery  
  159  19:07  Marine x3  
  162  19:12  Marauder  
  162  19:14  Planetary Fortress  
  162  19:15  SCV x4  
  168  19:19  Widow Mine  
  168  19:20  Widow Mine  
  168  19:23  SCV, Orbital Command  
  173  19:24  SCV  
  173  19:26  SCV  
  173  19:27  Ghost  
  173  19:30  Ghost  
  169  19:35  Ghost  
  171  19:43  Widow Mine x5, Marine x3  
  171  19:44  Marauder  
  186  19:49  Nuke  
  186  19:51  Orbital Command x2  
  186  19:52  Refinery  
  186  19:57  Sensor Tower  
  184  20:02  Medivac  
  184  20:04  Widow Mine  
  184  20:05  Widow Mine x2  
  187  20:23  Missile Turret x2  
  187  20:24  Missile Turret  
  187  20:25  Missile Turret  
  187  20:27  Command Center  
  184  20:30  Medivac x3  
  184  20:32  Marauder, Marine  
  193  20:39  Nuke  
  193  20:42  Ghost Academy, Liberator  
  193  20:44  Ghost Academy  
  196  20:51  Marine  
  196  20:52  Marauder  
  196  20:57  Marauder, Marine x7  
  200  21:15  Ghost  
  191  21:19  Marauder x4  
  191  21:23  Terran Vehicle And Ship Armor Level 2  
  191  21:25  Marine  
  198  21:28  Orbital Command  
  198  21:31  Marine  
  198  21:35  Command Center  
  198  21:40  Marauder  
  198  21:42  Command Center  
  194  22:01  Marine  
  194  22:02  Marauder  
  194  22:03  Marine  
  194  22:04  Marauder  
  194  22:07  Command Center  
  200  22:10  Command Center  
  200  22:12  Nuke x3  
  200  22:15  Planetary Fortress  
  193  22:27  Ghost  
  193  22:29  Ghost  
  197  22:34  Nuke  
  197  22:37  Missile Turret x2  
  197  22:39  Viking, Missile Turret  
  197  22:40  Missile Turret  
  191  22:57  SCV, Ghost  
  194  23:01  Ghost  
  195  23:09  Viking  
  195  23:10  Viking x4  
  200  23:18  Missile Turret  

Tags
 
Add a new tag
Caveats
  • Supply blocks, unpowered buildings, or Contaminate may cause inaccurate times.
  • Supply counts are checked every 10 seconds.